 Dungeon Crawl Stone Soup version 0.31-a0-121-g1e386dd289 (webtiles) character file.

Game seed: 9152773506825000150

3484 mopl the Chopper (level 9, -6/71 HPs)
             Began as a Demonspawn Fighter on May 31, 2023.
             Was a Follower of Makhleb.
             Mangled by Menkaure (8 damage)
             ... on level 7 of the Dungeon.
             The game lasted 00:08:51 (4798 turns).

mopl the Chopper (Demonspawn Fighter)               Turns: 4798, Time: 00:08:51

Health: -6/71      AC: 12    Str: 19    XL:     9   Next: 79%
Magic:  12/12      EV: 18    Int: 10    God:    Makhleb [*.....]
Gold:   475        SH:  4    Dex: 14    Spells: 8/8 levels left

rFire   + . .        s - +2 trident (venom)
rCold   + . .        c - +0 buckler
rNeg    . . .        w - +0 troll leather armour {Pargi}
rPois   .            r - +0 helmet
rElec   .            E - +0 cloak
rCorr   .            i - +0 pair of gloves
SInv    .            C - +2 pair of boots
Will    .....        (no amulet)
Stlth   +            I - ring of protection from fire
HPRegen 1.11/turn    u - ring of protection from cold
MPRegen 0.13/turn

%: no passive effects
@: agile
A: claws 1, powered by pain 2, demonic magic 1
a: Renounce Religion


You were on level 7 of the Dungeon.
You worshipped Makhleb.
Makhleb was aware of your devotion.
You visited 2 branches of the dungeon, and saw 8 of its levels.
You also visited: Sewer.

You collected 475 gold pieces.

Inventory:

Hand Weapons
 a - a +0 war axe
 b - the +5 spear of Reason {freeze, rC+++ Int+5}
   (You found it on level 3 of the Dungeon)

   Int:       It affects your intelligence (+5).
   rC:        It renders you almost immune to cold.
 s - a +2 trident of venom (weapon)
 D - a +0 battleaxe
Missiles
 m - 2 curare-tipped darts
 n - 25 poisoned darts (quivered)
 y - 2 boomerangs
Armour
 c - a +0 buckler (worn)
 i - a +0 pair of gloves (worn)
 r - a +0 helmet (worn)
 w - a +0 troll leather armour (worn) {Pargi}
 C - a +2 pair of boots (worn)
 E - a +0 cloak (worn)
Jewellery
 j - a ring of resist corrosion
 u - a ring of protection from cold (right hand)
 I - a ring of protection from fire (left hand)
Wands
 K - a wand of roots (4)
Scrolls
 e - 4 scrolls of noise {unknown}
 f - 3 scrolls of amnesia {unknown}
 k - 6 scrolls of enchant armour {unknown}
 o - 5 scrolls of identify {unknown}
 p - 3 scrolls of teleportation {unknown}
 t - 2 scrolls of butterflies {unknown}
 x - 3 scrolls of fog {unknown}
 B - 2 scrolls of vulnerability {unknown}
 F - a scroll of immolation {unknown}
 G - a scroll of enchant weapon {unknown}
 H - a scroll of torment {unknown}
 L - a scroll of fear {unknown}
Potions
 d - 2 potions of might
 g - 3 potions of attraction {unknown}
 h - 3 potions of curing
 l - a potion of brilliance {unknown}
 q - a potion of ambrosia {unknown}
 v - 2 potions of haste {unknown}
 z - 2 potions of degeneration {unknown}
 A - a potion of enlightenment {unknown}
 J - a potion of invisibility {unknown}


   Skills:
 + Level 6.4 Fighting
 * Level 7.5 Axes
 + Level 4.3 Throwing
 + Level 5.8 Armour
 + Level 4.8 Dodging
 - Level 2.6 Shields
 + Level 4.3 Invocations


You had 8 spell levels left.
You didn't know any spells.
Your spell library contained the following spells:

 Spells                   Type           Power      Damage    Failure   Level
 Kiss of Death            Conj/Necr      0%         2d5       50%         1
 Cigotuvi's Dreadful Rot  Necr/Pois/Air  0%         N/A       63%         2
 Confusing Touch          Hex            0%         N/A       86%         3
 Dazzling Flash           Conj/Hex       0%         N/A       86%         3
 Volatile Blastmotes      Fire/Tloc      0%         2d10      86%         3
 Dispel Undead            Necr           0%         3d6       99%         4
 Iskenderun's Mystic Bla  Conj/Tloc      0%         2d3       99%         4
 Olgreb's Toxic Radiance  Pois           0%         N/A       99%         4
 Summon Forest            Summ/Tloc      0%         N/A       100%        5
 Death Channel            Necr           0%         N/A       100%        6
 Eringya's Noxious Bog    Tmut/Pois      0%         N/A       100%        6
 Starburst                Conj/Fire      0%         6d3       100%        6
 Summon Hydra             Summ           0%         N/A       100%        7
 Discord                  Hex            0%         N/A       100%        8
 Ignition                 Fire           0%         3d3       100%        8


Dungeon Overview and Level Annotations

Branches:
Dungeon (7/15)             Temple (1/1) D:5           Sewer (visited)

Altars:
Fedhas
Makhleb
Okawaru
Ru
Sif Muna
Uskayaw
Yredelemnul

Annotations:
D:7 2 transporters, exclusion: ice statue, Gruesome's ghost, novice DrEE; Menkaure


Innate Abilities, Weirdness & Mutations

You have sharp fingernails.
You sometimes gain power by taking damage.
Spells you cast may paralyse adjacent enemies.


Message History

Pain shoots through your body!
You hit the orc priest.
You kill the orc priest!
Makhleb accepts your kill.
Menkaure calls on the powers of darkness!
Your body is wracked with pain!
You are too injured to fight recklessly!
You are too injured to fight recklessly!
Reach: s) +2 trident (venom)
Press: ? - help, Dir - move target, f - Menkaure
Aim: Menkaure (about 22% to evade your +2 trident of venom)
You reach to attack!
You hit Menkaure.
Menkaure is moderately damaged.
Menkaure calls on the powers of darkness!
Your body is wracked with pain!
* * * LOW HITPOINT WARNING * * *
Reach: s) +2 trident (venom)
Press: ? - help, Dir - move target, f/p - Menkaure
Aim: Menkaure (moderately damaged, about 22% to evade your +2 trident of venom)
You reach to attack!
You hit Menkaure.
Menkaure is heavily damaged.
Unknown command.
You barely miss Menkaure.
Menkaure is heavily damaged.
You barely miss Menkaure.
Menkaure is heavily damaged.
Menkaure points at you and mumbles some strange words.
Pain shoots through your body!
* * * LOW HITPOINT WARNING * * *
You hit Menkaure.
Menkaure is heavily damaged.
Menkaure hits you!
* * * LOW HITPOINT WARNING * * *
You focus on the pain.
You feel agile all of a sudden.
You barely miss Menkaure.
Menkaure is heavily damaged.
Menkaure sighs, "It doesn't hurt if you pull your brain out of your nose yourself."
Menkaure hits you!
You die...

#......##.....######...#
#......####'####..##>.##
#..##..##.....#)..######..
#..##..##.....)...M.......
#####..##.....##....)..oJM
#...#########.o##..##..
##..##.........# .#
#####....M##..# #
#.[...@##..# ##.....##..#
#......##..# #.......#..+
#.......#..# ##...####..#
##<..# #....# ###.# #....#
.....#


You could see Menkaure.

Vanquished Creatures
  A two-headed ogre (D:6)
  Joseph (D:7)
  Prince Ribbit (D:5)
  Grinder (D:4)
  A wyvern (D:6)
  Pargi (Sewer)
  2 ice beasts (D:5)
  3 black bears
  2 ogres
  A phantom (D:6)
  Blork the orc (D:4)
  A kobold brigand (D:7)
  A bullfrog (D:6)
  2 scorpions (D:5)
  A gnoll sergeant (D:4)
  4 killer bees (D:5)
  2 jellies
  2 orc priests
  A hound (D:4)
  Crazy Yiuf (D:4)
  Jessica (D:2)
  2 iguanas (D:6)
  4 orc wizards
  Robin (D:2)
  11 gnolls
  9 adders
  4 ufetubi
  3 worms (D:2)
  4 dart slugs
  15 orcs
  5 bats
  5 endoplasms
  2 giant cockroaches
  21 goblins
  11 hobgoblins
  4 jackals (D:1)
  3 quokkas
  9 ball pythons
  5 frilled lizards
  13 kobolds
  6 rats
168 creatures vanquished.

Notes
Turn   | Place    | Note
-------+----------+-------------------------------------------
     0 | D:1      | mopl the Demonspawn Fighter began the quest for the Orb.
     0 | D:1      | Reached XP level 1. HP: 18/18 MP: 1/1
    98 | D:1      | Reached skill level 2 in Axes
   101 | D:1      | Gained mutation: You sometimes gain a little power by
                  | taking damage. [demonic ancestry]
   101 | D:1      | Reached XP level 2. HP: 23/24 MP: 2/2
   260 | D:1      | Reached XP level 3. HP: 23/29 MP: 3/3
   317 | D:1      | Reached skill level 3 in Armour
   422 | D:2      | Reached skill level 1 in Dodging
   422 | D:2      | Noticed Jessica
   430 | D:2      | Killed Jessica
   475 | D:2      | Gained mutation: Spells you cast may paralyse adjacent
                  | enemies. [demonic ancestry]
   475 | D:2      | Reached XP level 4. HP: 35/35 MP: 4/4
   519 | D:2      | Reached skill level 3 in Axes
   738 | D:2      | Noticed Robin
   783 | D:2      | Killed Robin
   963 | D:2      | Reached XP level 5. HP: 42/42 MP: 5/5
  1309 | D:3      | Found a glowing drain.
  1329 | Sewer    | Entered a sewer
  1398 | Sewer    | Noticed Pargi
  1406 | Sewer    | Killed Pargi
  1407 | Sewer    | Reached skill level 4 in Fighting
  1407 | Sewer    | Reached skill level 2 in Dodging
  1407 | Sewer    | Reached XP level 6. HP: 44/48 MP: 6/6
  1555 | D:3      | Identified the +5 spear of Reason {freeze, rC+++ Int+5}
  1922 | D:4      | Noticed Grinder
  1938 | D:4      | Paralysed by Grinder for 4 turns
  1952 | D:4      | Paralysed by Grinder for 5 turns
  1963 | D:4      | Paralysed by Grinder for 5 turns
  1970 | D:4      | Killed Grinder
  1971 | D:4      | Reached skill level 4 in Axes
  1971 | D:4      | Reached skill level 1 in Throwing
  2131 | D:4      | Found a runed translucent door.
  2210 | D:4      | Gained mutation: You sometimes gain power by taking damage.
                  | [demonic ancestry]
  2210 | D:4      | Reached XP level 7. HP: 55/55 MP: 7/7
  2333 | D:4      | Reached skill level 4 in Armour
  2512 | D:4      | Noticed Blork the orc
  2522 | D:4      | Killed Blork the orc
  2529 | D:4      | Reached skill level 5 in Axes
  2529 | D:4      | Reached skill level 3 in Dodging
  2788 | D:4      | Noticed Crazy Yiuf
  2796 | D:4      | Killed Crazy Yiuf
  2797 | D:4      | Reached skill level 2 in Throwing
  2847 | D:5      | Entered Level 5 of the Dungeon
  2860 | D:5      | Noticed Prince Ribbit
  2866 | D:5      | Killed Prince Ribbit
  2867 | D:5      | Reached XP level 8. HP: 61/61 MP: 8/8
  2880 | D:5      | Reached skill level 5 in Fighting
  3030 | D:5      | Reached skill level 6 in Axes
  3035 | D:5      | Found a staircase to the Ecumenical Temple.
  3044 | Temple   | Entered the Ecumenical Temple
  3053 | Temple   | Became a worshipper of Makhleb the Destroyer
  3142 | D:5      | Reached skill level 3 in Throwing
  3172 | D:5      | Reached skill level 1 in Invocations
  3345 | D:5      | Reached skill level 5 in Armour
  3345 | D:5      | Reached skill level 4 in Dodging
  3714 | D:6      | Reached skill level 2 in Invocations
  3767 | D:6      | Gained mutation: You have sharp fingernails. [demonic
                  | ancestry]
  3767 | D:6      | Reached XP level 9. HP: 49/69 MP: 10/10
  4002 | D:6      | Reached * piety under Makhleb
  4025 | D:6      | Noticed a two-headed ogre
  4043 | D:6      | Killed a two-headed ogre
  4044 | D:6      | Reached skill level 6 in Fighting
  4044 | D:6      | Reached skill level 7 in Axes
  4044 | D:6      | Reached skill level 3 in Invocations
  4443 | D:7      | Reached skill level 4 in Throwing
  4465 | D:7      | Found a transporter.
  4474 | D:7      | Noticed a troll
  4484 | D:7      | Noticed an ice statue
  4492 | D:7      | Noticed Gruesome's ghost (novice DrEE)
  4500 | D:7      | Found a transporter.
  4544 | D:7      | Noticed Joseph
  4565 | D:7      | HP: 3/69 [wyvern (4)]
  4614 | D:7      | Killed Joseph
  4615 | D:7      | Reached skill level 4 in Invocations
  4764 | D:7      | Noticed Menkaure
  4797 | D:7      | HP: 1/71 [Menkaure (8)]
  4798 | D:7      | Mangled by Menkaure

Illustrated notes

Levels and vault maps discovered:
D:1:      dpeg_arrival_rhombi, layout_rooms, minmay_tripent
D:2:      kennysheep_the_goblin_king, layout_rooms, serial_bayou_pond_d,
          st_stairs_9, uniq_jessica, uniq_robin
D:3:      layout_basic, cheibrodos_sewer_entry_sluice
D:4:      layout_gridville, uniq_blork_the_orc, uniq_grinder,
          uniq_crazy_yiuf_cottage
D:5:      layout_loops_ring, minmay_temple_entry_junction, uniq_prince_ribbit1
D:6:      layout_loops_ring, mainiacjoe_overflow_24_doors
D:7:      layout_gridville, nzn_ghost_randoct, uniq_menkaure, uniq_joseph
Temple:   compressed_dpeg_triangle_lava_temple

Skill      XL: |  1  2  3  4  5  6  7  8  9 |
---------------+----------------------------+-----
Axes           | 2 3 4 5 6 7 |  7.5
Armour         | 3 4 5 |  5.8
Dodging        | 1 2 3 4 |  4.8
Fighting       | 4 5 6 |  6.4
Throwing       | 1 2 3 4 |  4.3
Invocations    | 2 4 |  4.3
Shields        | |  2.6

Action                     |  1- 3 |  4- 6 |  7- 9 || total
---------------------------+-------+-------+-------++-------
  Melee: War axe           |    74 |   157 |       ||   231
         Spear             |       |    45 |    18 ||    63
         Trident           |       |       |   234 ||   234
  Throw: Dart              |       |     2 |     2 ||     4
    Use: Potion            |       |       |     1 ||     1
 Armour: Scale mail        |    42 |   110 |       ||   152
         Troll leather arm |       |    12 |    78 ||    90
  Dodge: Dodged            |    34 |    90 |   123 ||   247
  Block: Buckler           |    20 |    35 |    48 ||   103

Table legend: (Time is in decaauts)
 A = Elapsed time spent in this place.
 B = Non-inter-level travel time spent in this place.
 C = Inter-level travel time spent in this place.
 D = Time resting spent in this place.
 E = Time spent auto-exploring this place.
 F = Levels seen in this place.
 G = Mean time per level.
                   A        B        C        D        E       F      G
               +--------+--------+--------+--------+--------+-----+--------+
         Total |   4920 |   4789 |    131 |    279 |   3115 |   9 |  546.7 |
       Dungeon |   4729 |   4599 |    130 |    279 |   3036 |   7 |  675.6 |
        Temple |     18 |     18 |      0 |      0 |      0 |   1 |   18.0 |
         Sewer |    172 |    172 |      0 |      0 |     79 |   1 |  172.0 |
               +--------+--------+--------+--------+--------+-----+--------+

Top non-repeatable levels by time:
     D:4: 962 daAuts
     D:5: 852 daAuts
     D:2: 792 daAuts
     D:6: 768 daAuts
     D:3: 575 daAuts
     D:1: 443 daAuts
     D:7: 334 daAuts
   Sewer: 172 daAuts
  Temple: 18 daAuts
